 Dungeon Crawl Stone Soup version 0.31-a0-963-ga325b2283a (webtiles) character file.

Game seed: 13491600568565978651

145 Dordric the Changeling (level 5, -13/27 HPs)
             Began as an Octopode Shapeshifter on Oct 24, 2023.
             Mangled by an ogre
             ... wielding a +0 giant club
              (15 damage)
             ... on level 4 of the Dungeon.
             The game lasted 00:02:48 (2816 turns).

Dordric the Changeling (Octopode Shapeshifter)      Turns: 2816, Time: 00:02:48

Health: -13/27     AC:  2    Str: 13    XL:     5   Next: 27%
Magic:  5/5        EV: 13    Int: 12    God:
Gold:   142        SH:  0    Dex: 14    Spells: 4/4 levels left

rFire   . .          .
                       - Unarmed
rCold   . . .        (shield currently unavailable)
rNeg    . . .        j - +1 hat {Will+}
rPois   .            (no amulet)
rElec   .            (no ring)
rCorr   .            (no ring)
SInv    .            (no ring)
Will    +....        (no ring)
Stlth   +            (no ring)
HPRegen 0.24/turn    (no ring)
MPRegen 0.09/turn    (no ring)
                     (no ring)

%: no passive effects
@: flux-form, glowing
A: glow, contaminating, reduced hp, almost no armour, amphibious, 8 rings,
camouflage 1, gelatinous body 1, (nimble swimmer 1), tentacles
a: Begin Untransformation


You were on level 4 of the Dungeon.
You were something dangerously unstable.
You visited 1 branch of the dungeon, and saw 4 of its levels.

You collected 142 gold pieces.

Inventory:

Armour
 j - a +1 hat of willpower (worn)
Talismans
 b - a beast talisman
 c - a flux talisman (active)
Scrolls
 d - a scroll of vulnerability
 e - a scroll of enchant armour
 f - a scroll of immolation
 h - a scroll of revelation
 l - a scroll of fog
Potions
 a - a potion of lignification
 g - a potion of curing {unknown}
 i - a potion of haste {unknown}
 n - a potion of ambrosia {unknown}


   Skills:
 - Level 1.0 Fighting
 - Level 2.0 Dodging
 - Level 3.0 Unarmed Combat
 + Level 5.4 Shapeshifting


You had 4 spell levels left.
You didn't know any spells.
Your spell library contained the following spells:

 Spells                   Type           Power      Damage    Failure   Level
 Lesser Beckoning         Tloc           0%         N/A       45%         2
 Sublimation of Blood     Necr           0%         N/A       45%         2
 Frozen Ramparts          Ice            0%         1d1       69%         3
 Gell's Gravitas          Tloc           0%         N/A       69%         3
 Teleport Other           Tloc           0%         N/A       69%         3
 Petrify                  Tmut/Erth      0%         N/A       97%         4
 Irradiate                Conj/Tmut      0%         3d11      100%        5
 Metabolic Englaciation   Hex/Ice        0%         N/A       100%        5


Dungeon Overview and Level Annotations

Branches:
Dungeon (4/15)
 Temple: D:4-7

Altars:


Innate Abilities, Weirdness & Mutations

You are something dangerously unstable.
You glow with magical radiation, making you easy to see and hit.
Foes you strike become dangerously contaminated with magical radiation.
Your maximum health is decreased, since you lack skill for your form.
You are incapable of wielding weapons or throwing items.
You cannot wear most types of armour.
You are amphibious.
You can wear up to eight rings at the same time.
Your skin changes colour to match your surroundings (Stealth+).
Your rubbery body absorbs attacks. (AC +1, EV +1)
((You are camouflaged when in or above water. (Stealth+)))
You have tentacles for arms and can constrict up to eight enemies at once.


Message History

You feel forgetful for a moment.
As you read the scroll labelled UHYMME SEUMIGE, it crumbles to dust.
It is a scroll of enchant weapon.
You aren't carrying any weapons that can be enchanted.
You start waiting.
You feel your willpower return.
There is a stone staircase leading down here.
Okay, then.
Search for what [? for help]? altar Can't find anything matching that.
You climb downwards.
There is a stone staircase leading up here.
You tentacle-slap the ogre.
The ogre begins to glow.
The ogre is lightly wounded.
The ogre hits you with a +0 giant club!!
Ouch! That really hurt!
* * * LOW HITPOINT WARNING * * *
You are too injured to fight recklessly!
You are too injured to fight recklessly!
You are too injured to fight recklessly!
You are too injured to fight recklessly!
You are too injured to fight recklessly!
You are too injured to fight recklessly!
You tentacle-slap the ogre but do no damage.
The ogre glows dangerously bright.
The ogre is lightly wounded.
The ogre barely misses you.
You tentacle-slap the ogre.
The ogre shudders as magic cascades through it!
The ogre twists and deforms.
The ogre is severely wounded.
You tentacle-slap the ogre.
The ogre begins to glow.
You squeeze the ogre, but do no damage.
The ogre is severely wounded.
The ogre barely misses you.
You tentacle-slap the ogre.
The ogre glows dangerously bright.
The ogre is almost dead.
The ogre hits you with a +0 giant club!
Ouch! That really hurt!
You die...

#....# #..#.#
###..## #O.#.#
#<..#####..#.#
##.........#.#
#........##.#
#.#.>.....#.#
#.#...###.#.#
#.###.###.#.#
#.....Op#.#.#
#####.###.#.######
#.# #.#.#....# #.#
#.#.#.##.# #.#
#.#....#.# #..
#.#....#.# ###
#.#....#.#
#.#....#.#
#.#....#.#


You could see an ogre (heavy contam, misshapen).

Vanquished Creatures
  An iguana (D:3)
  A gnoll (D:1)
  2 adders (D:3)
  4 worms
  A dart slug (D:1)
  5 orcs
  9 endoplasms
  2 giant cockroaches
  10 goblins
  7 hobgoblins
  4 jackals (D:1)
  2 kobolds (D:3)
  3 quokkas
  3 ball pythons
  6 bats
  6 frilled lizards
  4 rats
70 creatures vanquished.

Notes
Turn   | Place    | Note
-------+----------+-------------------------------------------
     0 | D:1      | Dordric the Octopode Shapeshifter began the quest for the
                  | Orb.
     0 | D:1      | Reached XP level 1. HP: 13/13 MP: 1/1
   201 | D:1      | Reached XP level 2. HP: 18/18 MP: 2/2
   313 | D:1      | Reached XP level 3. HP: 23/23 MP: 3/3
   332 | D:1      | Reached skill level 4 in Shapeshifting
  1167 | D:2      | Reached XP level 4. HP: 16/28 MP: 4/4
  2183 | D:3      | Reached skill level 5 in Shapeshifting
  2521 | D:4      | Reached XP level 5. HP: 27/33 MP: 5/5
  2737 | D:4      | Noticed an ogre
  2812 | D:4      | HP: 1/27 [ogre/+0 giant club (26)]
  2816 | D:4      | Mangled by an ogre

Illustrated notes

Levels and vault maps discovered:
D:1:      kilobyte_arrival_exit_the_forest, layout_basic,
          chequers_serial_rivers_small_3
D:2:      layout_loops_ring
D:3:      layout_rooms, minmay_misc_feat_tower, kennysheep_donut,
          minmay_ruptured
D:4:      layout_basic, gammafunk_ghost_cemetery, uniq_natasha

Skill      XL: |  1  2  3  4 |
---------------+-------------+-----
Shapeshifting  | 4 5 |  5.4
Fighting       | |  1.0
Dodging        | |  2.0
Unarmed Combat | |  3.0

Action                     |  1- 3 |  4- 6 || total
---------------------------+-------+-------++-------
  Melee: Unarmed           |    67 |    88 ||   155
         Tentacles         |    17 |    16 ||    33
         Constrict         |    19 |    23 ||    42
         Punch             |     3 |       ||     3
    Use: Scroll            |       |     7 ||     7
   Stab: Sleeping          |     6 |       ||     6
 Armour: Skin              |    24 |    37 ||    61
  Dodge: Dodged            |    35 |    46 ||    81
   Form: Flux              |     1 |       ||     1

Table legend: (Time is in decaauts)
 A = Elapsed time spent in this place.
 B = Non-inter-level travel time spent in this place.
 C = Inter-level travel time spent in this place.
 D = Time resting spent in this place.
 E = Time spent auto-exploring this place.
 F = Levels seen in this place.
 G = Mean time per level.
                   A        B        C        D        E       F      G
               +--------+--------+--------+--------+--------+-----+--------+
         Total |   2809 |   2739 |     70 |    232 |   2027 |   4 |  702.2 |
       Dungeon |   2809 |   2739 |     70 |    232 |   2027 |   4 |  702.2 |
               +--------+--------+--------+--------+--------+-----+--------+

Top non-repeatable levels by time:
     D:1: 937 daAuts
     D:3: 932 daAuts
     D:2: 700 daAuts
     D:4: 239 daAuts
